[Event "Fredericia WIM 2022"]
[Site "Fredericia"]
[Date "2022.05.26"]
[Round "4.1"]
[White "Lach, Aleksandra"]
[Black "Dwilewicz, Katarzyna"]
[Result "1/2-1/2"]
[ECO "C50"]
[WhiteElo "2202"]
[BlackElo "2079"]
[Annotator "TA"]
[PlyCount "27"]
[EventDate "2022.05.25"]
[EventType "tourn"]
[EventCountry "DEN"]
[SourceTitle "playchess.com"]
[Source "ChessBase"]
[SourceQuality "1"]
[TimeControl "40/5400+30:1800+30"]

1. e4 e5 2. Nf3 Nc6 3. Bc4 Bc5 4. O-O Nf6 5. d3 d6 6. c3 h6 7. b4 {[%emt 0:07:31] C54: Giuoco Piano: 4 c3 Nf6, main lines with 5 d4 and 5 d3.} Bb6 8. Bb3 {[%emt 0:00:18] 8.Nbd2 is the modern continuation.} a6 9. Nbd2 {[%emt 0:02:43] The position is equal.} O-O 10. Re1 {[%emt 0:02:46] [#]} Ng4 $146 ({Predecessor:} 10... Re8 11. a4 Be6 12. Bc2 Qd7 13. a5 Ba7 14. Ba4 Bg4 15. h3 Bxf3 16. Nxf3 d5 17. exd5 Nxd5 18. Bb2 Nf4 19. d4 exd4 20. cxd4 Rxe1+ 21. Qxe1 {½-½ (43) Cunha,E (2169)-Elci,P (2276) Rio de Janeiro 2013}) 11. Rf1 Nf6 12. Re1 Ng4 13. Rf1 Nf6 14. Re1 {[%emt 0:00:10] A balanced but interesting game.  Weighted Error Value: White=0.10 (very precise) /Black=0.01 (flawless)} 1/2-1/2

[Event "Fredericia WIM 2022"]
[Site "Fredericia"]
[Date "2022.05.26"]
[Round "4.2"]
[White "Doluhanova, Evgeniya"]
[Black "Durrfeld, Sofie Bech"]
[Result "1-0"]
[ECO "A20"]
[WhiteElo "2270"]
[BlackElo "1773"]
[Annotator "TA"]
[PlyCount "97"]
[EventDate "2022.05.25"]
[EventType "tourn"]
[EventCountry "DEN"]
[SourceTitle "playchess.com"]
[Source "ChessBase"]
[SourceQuality "1"]
[TimeControl "40/5400+30:1800+30"]

1. c4 e5 2. d3 Bc5 3. Nf3 Nc6 4. a3 a6 5. Nc3 d6 6. g3 {[%emt 0:02:28] A20: English Opening: 1...e5.} Nge7 7. Bg2 O-O 8. O-O {[%emt 0:00:27] The position is equal.} Ba7 9. b4 Nd4 10. Nxd4 Bxd4 11. Bd2 f5 {[%emt 0:02:40] [#]} 12. Rc1 $146 ({Predecessor:} 12. e3 Ba7 13. Nd5 Ng6 14. h4 c6 15. h5 Ne7 16. Nc3 Be6 17. b5 axb5 18. cxb5 {1-0 (48) Earle,D (1301)-Botea,D (1550) Kouty nad Desnou 2018}) 12... c6 13. e3 Ba7 14. Ne2 g5 15. c5 f4 (15... dxc5 $11 16. Qb3+ c4 17. Qxc4+ Rf7) 16. exf4 {[%emt 0:00:25] White stays focused until the end.} gxf4 17. Qb3+ d5 {[%emt 0:01:14] [#]} 18. d4 $1 {[%emt 0:00:19] White is more active.} f3 19. Bxf3 Bh3 (19... Bb8 $16 20. Bg2 a5) 20. Bg2 ({Much less strong is} 20. dxe5 $6 Bxf1 21. Rxf1 Ng6 $16) 20... Bxg2 21. Kxg2 Ng6 (21... Bb8 $142 22. dxe5 Bxe5) 22. dxe5 Nxe5 23. Nf4 {[%emt 0:00:38] Rce1 is the strong threat.} Qd7 24. Qc3 Rae8 (24... Nc4 $16 25. Rce1 Bb8) 25. Qd4 $18 Bb8 (25... Qf5 $142 26. Rce1 Ng6 27. Nxg6 Qxg6) 26. Bc3 Rxf4 27. Qxf4 (27. gxf4 $2 {too greedy.} Qg4+ 28. Kh1 Qf3+ 29. Kg1 {[#]} Kf7 $1 $19) 27... Ng6 28. Qg5 d4 29. Rcd1 Re5 30. Rxd4 Qxd4 31. Qxg6+ hxg6 32. Bxd4 {[%emt 0:00:03][%mdl 4096] Endgame KRB-KRB} Rd5 {[%emt 0:00:32] [#]} 33. Re1 $1 {[%emt 0:01:22] Threatens to win with Re8+.} Kf7 {[%emt 0:00:52] Prevents Re8.} 34. Re4 Bc7 35. h4 a5 (35... Bd8 $142 36. Kf3 Bc7) 36. g4 axb4 37. axb4 Bd8 38. g5 b6 39. cxb6 Rb5 40. Bc5 Bxb6 41. Re7+ Kg8 42. Rb7 Bxc5 43. Rxb5 cxb5 44. bxc5 {[%emt 0:00:06][%cal Bb4c5,Bc5c6,Bc6c7][%mdl 32] KP-KP. White mates.} Kf7 45. c6 Ke6 46. h5 b4 47. hxg6 b3 48. g7 Kf7 49. c7 {[%emt 0:00:09] Weighted Error Value: White=0.12 (very precise) /Black=0.49} 1-0

[Event "Fredericia WIM 2022"]
[Site "Fredericia"]
[Date "2022.05.26"]
[Round "4.3"]
[White "Andersson, Christin"]
[Black "Goossens, Hanne"]
[Result "1-0"]
[ECO "B56"]
[WhiteElo "2028"]
[BlackElo "2184"]
[Annotator "TA"]
[PlyCount "171"]
[EventDate "2022.05.25"]
[EventType "tourn"]
[EventCountry "DEN"]
[SourceTitle "playchess.com"]
[Source "ChessBase"]
[SourceQuality "1"]
[TimeControl "40/5400+30:1800+30"]

1. e4 c5 2. Nf3 Nc6 3. d4 cxd4 4. Nxd4 Nf6 5. Nc3 d6 6. Bb5 Bd7 7. O-O e6 {[%emt 0:04:21] now supersedes 7...g6.} 8. Re1 {[%emt 0:02:03] is the legacy move (8.Nxc6).} Be7 {[%emt 0:01:04] B56: Classical Sicilian: Unusual Lines.} 9. Nxc6 bxc6 10. Ba4 e5 {[%emt 0:02:04] The position is equal.} 11. Bg5 Qc7 12. Qd3 {[%emt 0:02:56] [#]} h6 $146 ({Predecessor:} 12... O-O 13. Rad1 Rad8 14. Bxf6 Bxf6 15. Qc4 Rc8 16. Bb3 Kh8 17. Ne2 Rcd8 18. Nc3 Rc8 {1-0 (34) Kutzner,J (2043)-Moser,A (2178) Solingen 2017}) 13. Bxf6 Bxf6 14. Rad1 Be7 15. Ne2 O-O 16. Ng3 g6 17. Ne2 Qb6 18. Bb3 a5 19. Nc3 Kg7 20. Qe3 Qxe3 (20... Qa7 {is more complex.} 21. Qg3 f5 22. h3 Rab8) 21. Rxe3 f5 22. exf5 gxf5 23. Ba4 Rad8 24. Red3 (24. a3 $15 {feels stronger.}) 24... d5 $17 25. Ne2 Kf6 ({Black should play} 25... Rb8 $17 26. Rb3 Rxb3 27. axb3 f4) 26. c4 d4 27. Kf1 (27. Rh3 $142) 27... Be6 28. f4 c5 (28... Bxc4 $19 29. fxe5+ Kxe5) 29. fxe5+ Kxe5 30. Bb3 {[%emt 0:01:57] [#]} (30. Bb5 $15) 30... f4 $2 ({Better is} 30... Bg5 $1 $19 {Hoping for ...Be3.} 31. Re1 Be3) 31. Re1 $11 Kd6 {[%emt 0:13:28] [#]} ({Don't take} 31... Bh4 32. Nxd4+ Bxe1 33. Nc6+ Kf6 34. Nxd8 $16) (31... Bg8 $11 {keeps the balance.}) 32. Nxd4 $1 $16 cxd4 33. Rxd4+ Kc7 34. Rxd8 ({Worse is} 34. Rxe6 Rxd4 35. Rxe7+ Kd6 $17) 34... Bxc4+ 35. Bxc4 Bxd8 {[%emt 0:00:37][%mdl 4096] Endgame KRB-KRB} 36. Re4 Rf6 37. Ke2 Kb6 38. Kf3 Bc7 39. Re6+ (39. Re7 $16) 39... Rxe6 $14 40. Bxe6 {[%emt 0:00:04] KB-KB} Bd6 41. h3 Kc7 42. Ke4 Kd8 43. Kd5 (43. Bg4 $142) 43... Ke7 (43... Kc7 $142) 44. Bg4 Bb4 45. Kc6 Bd2 46. a3 a4 47. Kb5 Bc1 48. Kxa4 Bxb2 49. Kb3 Bc1 50. a4 Bd2 51. Kc2 Ba5 52. Kd3 {[%emt 0:00:16] Threatens to win with Ke4.} Kd6 $2 (52... Kf6 $16 {is a better chance.}) 53. Ke4 $18 Bd2 54. Bf3 Ke6 55. Kd4 $2 (55. Be2 $18 Be1 56. Kxf4) 55... Kd6 $2 (55... Kf6 $16) 56. Kc4 $2 (56. Kd3 $18 {is more deadly.} Be1 57. Ke4) 56... Be3 {[%emt 0:00:47] [#]} (56... Be1 $16 {might work better.}) 57. a5 (57. Kd3 $1 $18 {and the rest is easy.}) 57... Ba7 ({Black should try} 57... Bf2) 58. Kd3 $16 Ke5 $2 (58... Kc5 $16 59. a6 Kb6) 59. Kc4 $2 (59. Be2 $18 {Black must now prevent a6.} Kd5 60. a6) 59... Kd6 $1 60. Kb5 Kc7 61. a6 Bg1 62. Kc4 Kd6 $2 (62... Kb6 $16) 63. Be4 $2 (63. Kd3 $18 {is the precise move to win.} Ke5 64. Kc4) 63... Ba7 (63... Kc7 $142) 64. Bb7 {[%emt 0:00:53] Strongly threatening Kd3.} Ke5 $2 (64... h5 $16) 65. Bc8 $2 (65. Kd3 $18 {and White stays clearly on top. aiming for Ke2.} Bd4 66. Kc4) 65... Bg1 $2 (65... h5 $16 66. Bd7 h4) 66. Kd3 $18 Ba7 67. Ke2 {[%emt 0:00:38] Kf3 is the strong threat.} Bb8 $2 (67... h5 68. h4 Kd6) 68. Kf3 Kf6 69. Ke4 Ke7 70. Kf5 Kf7 71. Bb7 Ke7 72. Kg6 Ba7 73. Kxh6 Kf6 74. Be4 Be3 75. Kh7 Kf7 76. Bd5+ Kf6 77. Kg8 Bc5 78. Be4 Ke5 79. Bd3 Kf6 80. Kh7 Be3 81. Be4 $2 (81. h4 {mates} Kf7 82. h5 Kf6 83. Be2 Kf5 84. Kg7 Kg5 85. Kf8 Bd4 86. Ke7) 81... Ba7 $2 (81... Kf7 $11) 82. h4 Be3 83. h5 Kg5 84. Bg6 Bd4 85. Kg8 {[%emt 0:00:58] Threatening mate with Kf7.} Kf6 {[%emt 0:00:41] [#]} 86. h6 $1 {[%emt 0:00:51] Quite a comeback for White.  Weighted Error Value: White=0.51/Black=0.51} 1-0

[Event "Fredericia WIM 2022"]
[Site "Fredericia"]
[Date "2022.05.27"]
[Round "5.1"]
[White "Durrfeld, Sofie Bech"]
[Black "Lach, Aleksandra"]
[Result "0-1"]
[ECO "B24"]
[WhiteElo "1773"]
[BlackElo "2202"]
[Annotator "TA"]
[PlyCount "78"]
[EventDate "2022.05.25"]
[EventType "tourn"]
[EventCountry "DEN"]
[SourceTitle "playchess.com"]
[Source "ChessBase"]
[SourceQuality "1"]
[TimeControl "40/5400+30:1800+30"]

1. e4 c5 2. Nc3 Nc6 3. Bb5 Nd4 4. Nf3 a6 5. Bd3 g6 6. Rb1 {[%emt 0:00:47] B23: Closed Sicilian: Lines without g3.} Nc6 7. a3 b5 {[%emt 0:16:46] [#]} 8. e5 $146 (8. b4 $11) ({Predecessor:} 8. b4 d6 9. Bb2 Bg7 10. Nd5 Nf6 11. c4 bxc4 12. Bxc4 cxb4 13. axb4 O-O 14. Nxf6+ exf6 {0-1 (76) Ibadov,D (2249)-Lintchevski,D (2567) Khanty-Mansiysk 2021}) 8... d5 (8... f5 $15) 9. exd6 $1 $11 Qxd6 10. O-O ({Better is} 10. a4 $1 $14) 10... Nf6 (10... f5 $1 $15) 11. Ne4 Nxe4 (11... Qd5 12. Nxf6+ exf6 13. Be4 $1 $16 ) 12. Bxe4 Bb7 13. d4 (13. b4) (13. b4 $14) 13... O-O-O (13... Rd8 $11) 14. c3 (14. d5 $16 Ne5 15. Bf4) 14... Bg7 15. Be3 f5 16. Bxc6 Qxc6 17. Qe2 e5 18. dxe5 {[%emt 0:04:25] [#]} Bxe5 $1 19. Rfd1 (19. c4 Rhe8) 19... Rxd1+ 20. Rxd1 Bc7 21. c4 f4 {[%emt 0:01:58] Strongly threatening ...Re8.} 22. Bd2 Re8 23. Qf1 g5 24. cxb5 (24. h3 $1 $15) 24... axb5 $17 25. Rc1 (25. h3 $17) 25... Rd8 {[%emt 0:02:26] Threatens to win with ...g4.} 26. Bc3 g4 27. Ne5 Qe4 ({Black should try} 27... Qe6 $1 $19 {Hoping for ...b4.} 28. Re1 Rd5) 28. Re1 $11 Qa4 {[%emt 0:00:49] aiming for ...f3.} (28... Qd5 $5 29. Nxg4 h5 $11) 29. Nf7 Rf8 {[%emt 0:01:05] [#]} (29... Rg8 $11) 30. Re7 (30. Qd3 $1 $16 {[%cal Oc3g7] Bg7! is the strong threat.} Qc4 31. Qxc4 (31. Nd6+ Bxd6 32. Qxd6 Rd8 $11) 31... bxc4 32. Re7) 30... Bd5 $36 {[%emt 0:01:00][%mdl 2048] Black has some pressure. This bishop pair is nice.} 31. Ne5 (31. Qd3 $5 Rxf7 32. Re8+ (32. Rxf7 $2 Bxf7 33. h3 g3 $19) 32... Kd7 33. Re5 Bxe5 34. Qxd5+ Ke8 35. Qxe5+ Re7 36. Qh5+ Kd7 37. Qd5+ Ke8 38. Qh5+ Kd8 39. Qd5+ Ke8 40. Qh5+ $11) 31... Rd8 $1 32. Qd3 $2 {[%emt 0:05:47] [#]} ({Don't go for} 32. Rxh7 $2 Be4 33. b3 Qxa3 34. Rxc7+ Kxc7 $19) ({Wrong is} 32. Nxg4 $2 Bc4 33. Qe1 Rd1 $19) (32. f3 $1 $15) 32... Be4 $1 $19 33. Rxc7+ (33. Qe2 Qd1+ 34. Qe1 Qxe1+ 35. Bxe1) 33... Kxc7 34. Qf1 Rd1 35. Be1 Qd4 (35... Qc2 $142 36. h3 Qc1 37. Nxg4 Rxe1 38. Qxe1 Qxe1+ 39. Kh2 Qd2 40. Kg1 f3 41. g3 Qd1+ 42. Kh2 Qf1 43. Ne3 Qxf2+ 44. Kh1 Qxe3 45. h4 Qf2 46. h5 Qg2#) 36. Nxg4 Qd3 (36... b4 $142 37. g3 Bd3 38. gxf4 Bxf1 39. Kxf1 bxa3 40. bxa3 Qc4+ 41. Kg2 Rxe1 42. h3 Qxf4 43. a4 Re2 44. a5 h5 45. Kf1 Qf3 46. h4 hxg4 47. Kg1 Qxf2+ 48. Kh1 Qh2#) 37. f3 Qb1 38. Kf2 Bd3 39. Ba5+ Kb7 {[%emt 0:00:16] Weighted Error Value: White=0.93/Black=0.53} 0-1

[Event "Fredericia WIM 2022"]
[Site "Fredericia"]
[Date "2022.05.27"]
[Round "5.2"]
[White "Goossens, Hanne"]
[Black "Doluhanova, Evgeniya"]
[Result "1-0"]
[ECO "A45"]
[WhiteElo "2184"]
[BlackElo "2270"]
[Annotator "TA"]
[PlyCount "87"]
[EventDate "2022.05.25"]
[EventType "tourn"]
[EventCountry "DEN"]
[SourceTitle "playchess.com"]
[Source "ChessBase"]
[SourceQuality "1"]
[TimeControl "40/5400+30:1800+30"]

1. d4 Nf6 2. Nc3 d5 3. Bf4 e6 4. Nb5 Na6 5. e3 Be7 6. Nf3 {[%emt 0:00:34] D00: 1 d4 d5: Unusual lines.} O-O 7. Be2 Ne4 {[%emt 0:02:20] [#]} 8. O-O $146 {[%emt 0:01:08] The position is equal.} ({Predecessor:} 8. a4 c6 9. Na3 Nc7 10. O-O Bd6 11. Bd3 Bxf4 12. exf4 Qd6 13. Qc1 b6 14. Qe3 {1-0 (76) Artemenko,O (2246)-Djordjevic,V (2382) Chess.com INT 2022}) 8... c6 9. Nc3 Nxc3 10. bxc3 Qa5 11. c4 Bd7 (11... dxc4 12. Bxc4 Rd8) 12. cxd5 cxd5 13. c4 (13. Qb1 $14 b6 14. c4) 13... dxc4 $11 14. Bxc4 Rac8 15. Ne5 Ba4 (15... Bb5 16. Bxb5 Qxb5) (15... Bb5 $11 16. Bxb5 Qxb5) 16. Qg4 $16 {[%emt 0:06:01][%cal Oc4e6] Strongly threatening Bxe6!} Nc7 17. Nxf7 $2 {[%emt 0:13:23] White is more active.} Rxf7 18. Bxc7 {[%emt 0:00:19][%mdl 64] Remove Defender} Rxc7 (18... Qxc7 19. Bxe6 Rcf8 20. Rac1) (18... Qxc7 19. Bxe6 Rcf8 20. Rac1 $11) 19. Bxe6 Ba3 {[%emt 0:00:28][%cal Og7g6] Prevents Rac1.} 20. d5 (20. e4 $11) 20... Qb4 21. e4 (21. Bxf7+ $11 Rxf7 22. Qxb4 Bxb4 23. Rfc1) 21... g6 $2 {[%emt 0:11:07] [#]} 22. Rab1 $1 $36 {[%emt 0:04:42][%mdl 2048] White is really pushing.} Qc3 {[%emt 0:10:03] This move loses the game for Black.} (22... Qd4 $16 {was called for.}) 23. e5 $1 $18 Bc2 24. d6 Kg7 25. dxc7 {[%emt 0:03:49] Dancing on a razor blade.} Rxc7 26. Rbe1 (26. Qf4 Bxb1 27. Rxb1 (27. Qf6+ Kh6 $11) 27... Qc1+ 28. Rxc1 Rxc1+ 29. Qxc1 Bxc1 $16) 26... Bd3 $2 {[%emt 0:01:27] [#]} (26... Qc6 27. Qg3 Bc5) 27. Qf3 $1 Bxf1 (27... h5 28. Re3) 28. Qf6+ (28. Rxf1 Qxf3 29. gxf3 Re7 $15) 28... Kh6 29. Re3 ({Weaker is} 29. Rxf1 Qc5 $16) ({Not} 29. Kxf1 Qd3+ 30. Kg1 Qe4 $11) 29... Be2 30. Rxc3 Rxc3 31. h3 Rc6 32. Qf4+ Kg7 33. Bd5 Rc1+ 34. Kh2 {[%emt 0:00:10] aiming for Qf7+.} Rd1 35. Bf3 Re1 36. Bxe2 (36. Qf6+ $142 Kh6 37. Bxb7) 36... Rxe2 {[%emt 0:00:05][%mdl 4096] Endgame KQ-KRB} 37. Qf3 Rxa2 38. Qxb7+ Kh6 39. Qxa7 Ra1 40. Qe3+ Kg7 41. e6 (41. Qc3 $142 Ra2 42. e6+ Kf8 43. Qf6+ Kg8 44. Qd8+ Kg7 45. e7 Bxe7 46. Qxe7+ Kg8 47. Qe8+ Kg7 48. Qe7+ Kg8 49. Qe6+ Kf8 50. Qxa2) 41... Bd6+ 42. g3 {[%emt 0:00:14] White wants to mate with Qd4+.} Kf8 43. Qd4 Ra6 44. Qf6+ {[%emt 0:00:31] Weighted Error Value: White=0.34/Black=0.70} 1-0

[Event "Fredericia WIM 2022"]
[Site "Fredericia"]
[Date "2022.05.27"]
[Round "5.3"]
[White "Dwilewicz, Katarzyna"]
[Black "Andersson, Christin"]
[Result "1-0"]
[ECO "C41"]
[WhiteElo "2079"]
[BlackElo "2028"]
[Annotator "TA"]
[PlyCount "93"]
[EventDate "2022.05.25"]
[EventType "tourn"]
[EventCountry "DEN"]
[SourceTitle "playchess.com"]
[Source "ChessBase"]
[SourceQuality "1"]
[TimeControl "40/5400+30:1800+30"]

1. e4 e5 2. Nf3 d6 3. d4 exd4 4. Nxd4 Nf6 5. Nc3 Be7 6. Qf3 {[%emt 0:00:54] C41: Philidor Defence.} O-O 7. Nf5 Bxf5 8. Qxf5 {[%emt 0:00:07] White has an edge.} Nc6 (8... c6 $11) 9. Be3 $14 Qc8 10. Qxc8 Raxc8 11. f3 Rfe8 12. O-O-O a6 13. g4 Ne5 {[%emt 0:03:05] [#]} 14. g5 $146 ({Predecessor:} 14. Be2 Bf8 15. g5 Nfd7 16. f4 Ng6 17. h4 b5 18. h5 Ne7 19. Bg4 Rcd8 20. Rhe1 {1-0 (40) Vega Gutierrez,S (2392)-Stojanovic,A (2357) Reykjavik 2015}) 14... Nfd7 15. Be2 (15. f4 $142) 15... b5 $16 16. b3 Nb6 17. f4 Ng6 18. h4 Bf8 19. h5 Ne7 20. Bg4 $36 {[%emt 0:04:56][%mdl 2048] Black is under strong pressure. White is more active.} Rcd8 21. Rhe1 (21. Bf2 $142) 21... c5 22. a3 Nc6 23. Bf2 b4 (23... Nd4 $16 {was necessary.} 24. Kb1 (24. Bxd4 cxd4 25. Rxd4 d5 $16) 24... Ne6) 24. Nd5 $18 Nxd5 25. exd5 Rxe1 26. Bxe1 ({Not} 26. Rxe1 Ne7 $16) 26... Nd4 27. axb4 Re8 28. bxc5 dxc5 29. Bg3 (29. Kb2 $18 {has better winning chances.}) 29... Bd6 (29... Re3 $16 {keeps fighting.} 30. Be1 (30. Bf2 Re4 $16) 30... Bd6) 30. Kd2 Re4 $2 {[%emt 0:01:16] [#]} (30... Rd8 31. Kd3 a5) 31. Kd3 Re8 32. Ra1 Ra8 33. Ra5 Kf8 (33... Nb5 $142 34. Bf2 Bxf4 35. Bxc5 Bxg5) 34. b4 Nb5 35. c4 Bc7 36. Ra1 Nd4 37. Bf2 Bxf4 38. bxc5 Nb3 39. Rb1 Rb8 40. Kc2 Na5 41. Rxb8+ Bxb8 {[%emt 0:30:06][%mdl 4096] Endgame KBB-KBN} 42. Kc3 Bf4 43. c6 g6 44. h6 f5 45. gxf6 {[%emt 0:00:28] [#] White threatens Be6 and mate.} Kf7 46. Bd4 Bc7 47. Be6+ {[%emt 0:00:14] Weighted Error Value: White=0.09 (flawless) /Black=0.49} 1-0

[Event "Fredericia WIM 2022"]
[Site "Fredericia"]
[Date "2022.05.27"]
[Round "6.1"]
[White "Doluhanova, Evgeniya"]
[Black "Lach, Aleksandra"]
[Result "1-0"]
[ECO "A10"]
[WhiteElo "2270"]
[BlackElo "2202"]
[Annotator "TA"]
[PlyCount "95"]
[EventDate "2022.05.25"]
[EventType "tourn"]
[EventCountry "DEN"]
[SourceTitle "playchess.com"]
[Source "ChessBase"]
[SourceQuality "1"]
[TimeControl "40/5400+30:1800+30"]

1. c4 f5 2. b3 d6 3. Nc3 Nf6 4. Bb2 e5 5. g3 g6 {[%emt 0:05:45] [#]} 6. e4 $146 {[%emt 0:01:26] A10: English Opening: Unusual Replies for Black.} (6. d4 $11) ({Predecessor:} 6. Bg2 Bg7 7. d3 O-O 8. e4 f4 9. gxf4 Nh5 10. Nge2 Nxf4 11. Nxf4 Rxf4 12. Nd5 Rf7 13. Qe2 Qh4 14. O-O c6 15. Ne3 Nd7 {0-1 (15) Mikhailovsky,V (2167)-Tashkov,R (2236) Chess.com INT 2018}) 6... Nc6 7. Bg2 Bg7 8. Nge2 {[%emt 0:04:53] Black has an edge.} O-O 9. O-O f4 10. f3 g5 11. Nd5 Nxd5 (11... fxg3 {seems wilder.} 12. hxg3 Nh5 13. g4 Nf4) 12. cxd5 Ne7 13. d4 Ng6 14. Rc1 Rf7 15. Qd2 Qf8 (15... a5 $11) 16. dxe5 Bxe5 17. Bxe5 dxe5 18. Rc3 g4 19. gxf4 gxf3 20. Rcxf3 {[%emt 0:00:50] Strongly threatening f5.} Bg4 21. Rg3 Bxe2 22. Qxe2 exf4 23. Rg5 Qe7 24. h4 (24. Qh5 $14) 24... Rg7 25. Qg4 Rf8 26. h5 Ne5 27. Rxg7+ Qxg7 28. Qxg7+ Kxg7 $11 {[%emt 0:00:02][%mdl 4096] Endgame KRB-KRN} 29. Bh3 f3 30. Bf5 (30. Rc1 $11 Rf7 31. Be6) 30... Kh6 ({Better is} 30... Kf6 $1 $15) 31. Kf2 c6 $2 (31... Kg5 $11) 32. d6 $18 Rd8 33. d7 ({Much less strong is} 33. Rd1 Kxh5 34. Bxh7 Kg5 $14) 33... Kxh5 $2 (33... Nxd7 $2 34. Rd1 $18 (34. Kxf3 Nf6 $11)) (33... Kg5 $16 34. Ke3 a5 35. Rg1+ Kh6) 34. Rg1 $1 {[%emt 0:04:04] Hoping for Rg7.} Kh6 {[%emt 0:00:36] Prevents Rg7.} 35. Ke3 c5 36. Rh1+ {[%emt 0:13:20][%mdl 64] Deflection} Kg5 37. Rxh7 Kf6 38. a4 b6 39. Kf2 $2 ({White should play} 39. Rh6+ $18 Kf7 40. Rd6) 39... a6 $2 (39... Nf7 $1 $11 {and Black is okay.}) 40. Rh6+ Kg5 41. Re6 (41. Rxb6 $18 Kf4 42. Rd6 (42. Rxa6 Nd3+ 43. Kg1 Ke3 $17)) 41... Kf4 $11 (41... Nxd7 $2 42. Rd6 (42. Kxf3 Rg8 $18) 42... Kf4 43. Bxd7 $18) 42. Re8 Nc6 {[%emt 0:00:00][%mdl 8192] [#]} (42... Nd3+ $2 43. Kf1 Rxd7 44. Bxd7 $18) (42... Rxd7 $11 43. Bxd7 Nxd7) 43. Bh3 $1 $18 b5 44. axb5 axb5 {[%emt 0:00:01] [#]} 45. e5 $1 {[%emt 0:00:19][%cal Be4e5,Be5e6][%mdl 32] e6 would kill now.} c4 46. bxc4 {[%emt 0:02:36] White mates.} bxc4 47. Rxd8 Nxd8 48. e6 {[%emt 0:00:08] Weighted Error Value: White=0.35/Black=0.58} 1-0

[Event "Fredericia WIM 2022"]
[Site "Fredericia"]
[Date "2022.05.27"]
[Round "6.2"]
[White "Dwilewicz, Katarzyna"]
[Black "Goossens, Hanne"]
[Result "1/2-1/2"]
[ECO "B56"]
[WhiteElo "2079"]
[BlackElo "2184"]
[Annotator "TA"]
[PlyCount "63"]
[EventDate "2022.05.25"]
[EventType "tourn"]
[EventCountry "DEN"]
[SourceTitle "playchess.com"]
[Source "ChessBase"]
[SourceQuality "1"]
[TimeControl "40/5400+30:1800+30"]

1. e4 c5 2. Nf3 Nc6 3. d4 cxd4 4. Nxd4 Nf6 5. Nc3 d6 6. f3 e5 7. Nb3 Be6 8. Be3 {[%emt 0:00:11] 8.Nd5 injects fresh life into this line.} d5 {[%emt 0:00:50] B56: Classical Sicilian: Unusual Lines.} 9. exd5 (9. Nxd5 {feels hotter.} Nxd5 10. exd5 Qxd5 11. Qxd5 Bxd5 12. O-O-O) 9... Nxd5 10. Nxd5 Qxd5 11. Qxd5 Bxd5 12. O-O-O O-O-O 13. Bb5 a6 14. Bxc6 Bxc6 15. Na5 Rxd1+ 16. Rxd1 Bb5 17. c4 {[%emt 0:06:02] [#]} Ba4 $146 ({Predecessor:} 17... Be8 18. Bb6 Be7 19. c5 f5 20. Nc4 e4 21. fxe4 fxe4 22. Nd6+ Bxd6 23. Rxd6 Bc6 {½-½ (32) Sutton,A (2164)-Sitorus,Y (2261) ICCF email 2016}) 18. b3 Be8 19. c5 f6 20. Nc4 Bc6 21. Kb2 Be7 22. Nd6+ Kc7 23. Bd2 (23. f4 $11) 23... b6 (23... Kd7 $1 $15 {is superior.}) 24. Bb4 $11 {[%emt 0:02:46] The position is equal.} bxc5 25. Ba5+ Kb8 26. Nf5 Re8 27. Nxe7 Rxe7 28. Bb6 Kb7 29. Bxc5 Re8 30. Kc3 e4 31. fxe4 Bxe4 32. g3 {[%emt 0:04:47] A rather calm draw.  Weighted Error Value: White=0.05 (flawless) /Black=0.05 (flawless)} 1/2-1/2

[Event "Fredericia WIM 2022"]
[Site "Fredericia"]
[Date "2022.05.27"]
[Round "6.3"]
[White "Durrfeld, Sofie Bech"]
[Black "Andersson, Christin"]
[Result "0-1"]
[ECO "C23"]
[WhiteElo "1773"]
[BlackElo "2028"]
[Annotator "TA"]
[PlyCount "44"]
[EventDate "2022.05.25"]
[EventType "tourn"]
[EventCountry "DEN"]
[SourceTitle "playchess.com"]
[Source "ChessBase"]
[SourceQuality "1"]
[TimeControl "40/5400+30:1800+30"]

1. e4 e5 2. Bc4 d6 3. Nc3 Nf6 4. d3 c6 5. Nf3 Be6 (5... b5 $11 6. Bb3 Be7) 6. O-O {[%emt 0:01:08] C27: Vienna Game: 2...Nf6 3 Bc4 Nxe4.} Bxc4 7. dxc4 {[%emt 0:00:07] [#]} Be7 $146 ({Predecessor:} 7... Nbd7 8. Be3 Be7 9. Nh4 Nc5 10. Qf3 g6 11. Rad1 Nfxe4 12. g3 Bxh4 13. Nxe4 Nxe4 14. Qxe4 {0-1 (38) Jankovic,V-Papanek,L (1635) Slovakia 2013}) 8. Qd3 {[%emt 0:04:22][%cal Oc4c5] The position is equal.} Nbd7 9. Be3 O-O 10. Ne2 ({Better is} 10. a4 $11) 10... d5 (10... Nxe4 $5 11. Qxe4 f5 $11) 11. Ng3 {[%emt 0:03:23][%mdl 8192] [#]} ({Don't blunder} 11. exd5 $2 e4 12. Qb3 exf3 13. gxf3 cxd5 14. cxd5 Nc5 15. Bxc5 Bxc5 $19) (11. cxd5 $15 cxd5 12. Ng3 (12. exd5 $2 e4 $19)) 11... dxe4 $1 $19 12. Nxe4 Nxe4 13. Qxe4 f5 14. Qd3 e4 15. Qb3 exf3 16. Rfd1 Qe8 {[%emt 0:01:10][%cal Oe8g6] ...Qg6! is the strong threat.} 17. Qxb7 (17. c5+ $142 Kh8 18. Bd4) 17... Ne5 {[%emt 0:02:12][%cal Oe8g6] aiming for ...Qg6!} 18. Bd4 {[%emt 0:03:07] [#]} Qg6 $1 19. g3 {[%emt 0:00:47] [#]} Qh5 $1 20. Kh1 {[%emt 0:02:12] [#]} (20. h4 Bf6) 20... Qh3 $1 {[%emt 0:01:02][%csl Gf3][%cal Rh3g2] Black mates.} 21. Rg1 {[%emt 0:00:58] [#]} Ng4 $1 22. Qxe7 (22. b3 Qxh2#) 22... Qxh2# {White got outplayed after the opening.  Weighted Error Value: White=1.40/Black=0.36} 0-1